[Event "fics rated crazyhouse match"]
[Site "fics, Oklahoma City, OK USA"]
[Date "2001.02.16"]
[White "DesX"]
[WhiteElo "2257"]
[Black "LINDEGREN"]
[BlackElo "2392"]
[TimeControl "60+0"]
[Result "0-1"]

1. d4 Nf6 2. Nf3 Nc6 3. Bf4 e6 4. e3 d6 5. Bd3 Bd7 6. Nbd2 
Be7 7. O-O Nd5 8. Qe2 Nxf4 9. exf4 O-O 10. N@h5 B@g6 11. Nxg7 Kxg7 
12. P@g5 Kg8 13. Bxg6 fxg6 14. Ne4 B@f5 15. B@f6 Bxe4 16. Qxe4 Bxf6 17. gxf6 
Rxf6 18. B@g5 P@g7 19. Bxf6 gxf6 20. B@h6 B@h8 21. R@f8+ Qxf8 22. Bxf8 Rxf8 
23. Ne5 dxe5 24. dxe5 B@d5 25. Qe2 N@d4 26. Qg4 B@f5 27. Qxf5 exf5 28. B@h3 
R@h5 29. Q@g3 N@e2+ 30. Kh1 Nxg3+ 31. fxg3 Rxh3 32. P@f3 Bxf3 33. gxf3 Nxf3 
34. Kg2 Rxh2# 
{DesX forfeits on time} 0-1

[Event "fics rated crazyhouse match"]
[Site "fics, Oklahoma City, OK USA"]
[Date "2001.02.16"]
[White "LINDEGREN"]
[WhiteElo "2397"]
[Black "DesX"]
[BlackElo "2252"]
[TimeControl "60+0"]
[Result "1-0"]

1. e4 e6 2. Nc3 Nc6 3. d4 Bb4 4. Nf3 d5 5. exd5 exd5 6. Bb5 
Nf6 7. Qe2+ P@e4 8. P@g5 Ng4 9. O-O O-O 10. Bxc6 bxc6 11. Nxe4 dxe4 
12. Qxe4 B@d5 13. Qe2 Bxf3 14. Qxf3 N@h4 15. Qe2 Nxg2 16. P@f6 Nh4 17. P@g2 
gxf6 18. N@h6+ Nxh6 19. gxh6 P@f3 20. Qe4 P@f5 21. Qxh4 N@e2+ 22. Kh1 fxg2+ 
23. Kxg2 P@g4 24. P@g7 Qd5+ 25. f3 gxf3+ 26. Rxf3 P@g4 27. N@e1 gxf3+ 28. Nxf3 
R@g4+ 29. Qxg4 fxg4 30. R@h8# 
{DesX checkmated} 1-0

[Event "fics rated crazyhouse match"]
[Site "fics, Oklahoma City, OK USA"]
[Date "2001.02.16"]
[White "DesX"]
[WhiteElo "2247"]
[Black "LINDEGREN"]
[BlackElo "2402"]
[TimeControl "60+0"]
[Result "1-0"]

1. d4 Nf6 2. Nf3 Nc6 3. Bf4 e6 4. e3 d6 5. Bd3 Bd7 6. O-O 
Be7 7. Nbd2 Nd5 8. Bg3 f5 9. c4 Nf6 10. e4 fxe4 11. Nxe4 P@f5 
12. Nxf6+ Bxf6 13. P@e5 Be7 14. N@h5 Rg8 15. exd6 cxd6 16. Bxd6 Bxd6 17. P@e5 
Be7 18. P@d6 Bf8 19. d5 B@g4 20. dxc6 Bxh5 21. cxd7+ Qxd7 22. N@c7+ Kd8 
23. B@h4+ g5 24. Nxg5 Bxd1 25. Raxd1 P@f6 26. Ngxe6+ Kc8 27. P@e7 Rxg2+ 28. Kh1 
Rxh2+ 29. Kxh2 N@g4+ 30. Kg2 Q@h2+ 31. Kf3 Nxe5+ 32. Ke2 Qxh4 33. R@d8# 
{LINDEGREN resigns} 1-0

[Event "fics rated crazyhouse match"]
[Site "fics, Oklahoma City, OK USA"]
[Date "2001.02.16"]
[White "LINDEGREN"]
[WhiteElo "2391"]
[Black "DesX"]
[BlackElo "2258"]
[TimeControl "60+0"]
[Result "0-1"]

1. e4 e5 2. Nc3 Nc6 3. Nf3 d6 4. Bc4 Be7 5. O-O Nf6 6. d3 
O-O 7. Bg5 Bg4 8. Bxf6 Bxf6 9. Nd5 Nd4 10. Nxd4 Bxd1 11. Nf5 B@g6 
12. Raxd1 Bxf5 13. exf5 N@f4 14. Nxf4 exf4 15. N@h5 N@h4 16. B@d5 c6 17. Bxf7+ 
Rxf7 18. Bxf7+ Kh8 19. R@g4 f3 20. Nxf6 fxg2 21. Rxg2 P@f3 22. Nh5 Q@h1+ 
23. Kxh1 fxg2# 
{LINDEGREN resigns} 0-1

[Event "fics rated crazyhouse match"]
[Site "fics, Oklahoma City, OK USA"]
[Date "2001.02.16"]
[White "DesX"]
[WhiteElo "2269"]
[Black "LINDEGREN"]
[BlackElo "2380"]
[TimeControl "60+0"]
[Result "1-0"]

1. d4 Nf6 2. Nf3 Nc6 3. Bf4 e6 4. e3 d5 5. Bd3 Bd6 6. Nbd2 
Bxf4 7. exf4 O-O 8. O-O B@f5 9. B@e5 Ne4 10. Qe2 f6 11. Rae1 Nxd2 
12. Nxd2 fxe5 13. dxe5 Nd4 14. Bxf5 Nxe2+ 15. Rxe2 exf5 16. P@f6 Q@g6 17. B@g5 
gxf6 18. exf6 B@c5 19. P@e7 Qde8 20. exf8=Q+ Qxf8 21. R@g7+ Qfxg7 22. fxg7 Qxg7 
23. N@h6+ Qxh6 24. Bxh6 R@g6 25. N@f6+ Kh8 26. Q@g7+ Rxg7 27. Bxg7+ Kxg7 28. Nh5+ 
Kh6 29. Q@g7+ Kxh5 30. R@h6# 
{LINDEGREN checkmated} 1-0

[Event "fics rated crazyhouse match"]
[Site "fics, Oklahoma City, OK USA"]
[Date "2001.02.16"]
[White "LINDEGREN"]
[WhiteElo "2370"]
[Black "DesX"]
[BlackElo "2279"]
[TimeControl "60+0"]
[Result "1-0"]

1. e4 e5 2. Nc3 Nc6 3. Nf3 Be7 4. Bc4 d6 5. O-O Nf6 6. d3 
O-O 7. Bg5 Bg4 8. Bxf6 Bxf6 9. Nd5 Bxf3 10. c3 Bxd1 11. Raxd1 N@f4 
12. Nxf4 exf4 13. N@f5 N@h4 14. Nxh4 Bxh4 15. N@f5 N@e2+ 16. Kh1 f3 17. B@h3 
fxg2+ 18. Bxg2 Nf4 19. P@h6 P@e2 20. hxg7 exf1=Q+ 21. Rxf1 B@g5 22. gxf8=Q+ Qxf8 
23. P@g7 Qxg7 24. Nxg7 Nxg2 25. Bxf7+ Kh8 26. Nh5 B@f6 27. Bg6 hxg6 28. N@f7+ 
Kg8 29. Q@e6 Nf4 30. Nxg5+ Nxe6 31. B@h7+ Kf8 32. Nxe6+ Ke7 33. P@g2 P@f3 
34. N@d5+ Kd7 35. Nhxf6+ Kxe6 36. P@f5+ Ke5 37. B@f4# 
{DesX checkmated} 1-0

[Event "fics rated crazyhouse match"]
[Site "fics, Oklahoma City, OK USA"]
[Date "2001.02.16"]
[White "DesX"]
[WhiteElo "2273"]
[Black "LINDEGREN"]
[BlackElo "2376"]
[TimeControl "60+0"]
[Result "0-1"]

1. d4 Nf6 2. Nf3 Nc6 3. Bf4 d5 4. e3 e6 5. Bd3 Bd6 6. O-O 
Bxf4 7. exf4 Ne4 8. Nbd2 Nxd2 9. Qxd2 B@e4 10. Ne5 Nxd4 11. f3 Bxd3 
12. cxd3 Nf5 13. N@h5 B@e3+ 14. Qxe3 Nxe3 15. Nxg7+ Kf8 16. B@h6 N@h3# 
{DesX resigns} 0-1

[Event "fics rated crazyhouse match"]
[Site "fics, Oklahoma City, OK USA"]
[Date "2001.02.16"]
[White "LINDEGREN"]
[WhiteElo "2382"]
[Black "DesX"]
[BlackElo "2267"]
[TimeControl "60+0"]
[Result "1-0"]

1. e4 d5 2. Nc3 e6 3. exd5 Nf6 4. d4 Bb4 5. Nf3 Qxd5 6. Bd2 
Bxc3 7. bxc3 P@e4 8. B@c4 Qd8 9. Ne5 O-O 10. P@h6 N@f5 11. hxg7 Nxg7 
12. P@g5 Nd5 13. Bfe2 Nf5 14. Bxd5 exd5 15. N@f6+ Kh8 16. Bg4 P@g7 17. Bxf5 
Bxf5 18. Nh5 B@g4 19. Nxg4 Bxg4 20. Qxg4 B@e6 21. Qe2 N@h4 22. f3 exf3 
23. gxf3 P@g2 24. Rg1 Nc6 25. B@f6 Qxf6 26. gxf6 Rg8 27. P@h6 
{DesX resigns} 1-0

[Event "fics rated crazyhouse match"]
[Site "fics, Oklahoma City, OK USA"]
[Date "2001.02.16"]
[White "DesX"]
[WhiteElo "2262"]
[Black "LINDEGREN"]
[BlackElo "2387"]
[TimeControl "60+0"]
[Result "1-0"]

1. d4 Nf6 2. Nf3 Nc6 3. Bf4 d5 4. e3 e6 5. Bd3 Bd6 6. Nbd2 
Bxf4 7. exf4 O-O 8. O-O B@e4 9. B@e3 Bxd3 10. cxd3 B@g4 11. h3 Bxf3 
12. Nxf3 N@f5 13. B@e5 Bd7 14. Bxf6 Qxf6 15. B@e5 Nxe5 16. dxe5 Qe7 17. N@h5 
f6 18. exf6 gxf6 19. P@g4 Nh6 20. g5 fxg5 21. fxg5 Nf5 22. P@f6 Qf7 
23. Nh4 Qxh5 24. Qxh5 P@g6 25. N@h6+ Nxh6 26. Q@g7# 
{LINDEGREN checkmated} 1-0

[Event "fics rated crazyhouse match"]
[Site "fics, Oklahoma City, OK USA"]
[Date "2001.02.16"]
[White "LINDEGREN"]
[WhiteElo "2376"]
[Black "DesX"]
[BlackElo "2273"]
[TimeControl "60+0"]
[Result "1-0"]

1. e4 e6 2. Nc3 Nf6 3. d4 b6 4. e5 Nd5 5. Nxd5 exd5 6. Nf3 
Bb7 7. Be2 Be7 8. O-O O-O 9. N@h5 f5 10. Nxg7 Kxg7 11. P@f6+ Rxf6 
12. exf6+ Bxf6 13. R@g3+ P@g4 14. Bf4 P@h4 15. Be5 hxg3 16. Bxf6+ Qxf6 17. B@e5 
gxh2+ 18. Nxh2 B@g5 19. Bxf6+ Bxf6 20. P@e5 P@e7 21. Bxg4 N@g5 22. exf6+ exf6 
23. Bxf5 B@e4 24. Bxe4 dxe4 25. Qh5 P@f3 26. Q@e7+ B@f7 27. B@h6+ Kg8 28. Qf8# 
{DesX checkmated} 1-0

[Event "fics rated crazyhouse match"]
[Site "fics, Oklahoma City, OK USA"]
[Date "2001.02.16"]
[White "DesX"]
[WhiteElo "2267"]
[Black "LINDEGREN"]
[BlackElo "2382"]
[TimeControl "60+0"]
[Result "1-0"]

1. d4 Nf6 2. Nf3 Nc6 3. Bf4 d5 4. e3 e6 5. Bd3 Bd6 6. Ne5 
O-O 7. Nd2 Qe7 8. O-O Bxe5 9. dxe5 Ne8 10. B@g5 f6 11. exf6 gxf6 
12. Bxf6 Nxf6 13. P@e5 P@g7 14. exf6 Rxf6 15. P@e5 Rf7 16. N@g5 B@g6 17. Bxg6 
hxg6 18. Nxf7 Qxf7 19. Nf3 P@h6 20. B@g5 N@f5 21. Bxh6 Nxh6 22. Ng5 B@h7 
23. Nxf7 Nxf7 24. P@f6 B@f8 25. fxg7 Bxg7 26. P@f6 Bf8 27. R@e8 Ncxe5 28. Q@g7# 
{LINDEGREN checkmated} 1-0

[Event "fics rated crazyhouse match"]
[Site "fics, Oklahoma City, OK USA"]
[Date "2001.02.16"]
[White "LINDEGREN"]
[WhiteElo "2371"]
[Black "DesX"]
[BlackElo "2278"]
[TimeControl "60+0"]
[Result "1-0"]

1. e4 e6 2. Nc3 b6 3. d4 Bb7 4. Bd3 Ne7 5. f3 Ng6 6. Nge2 
Be7 7. O-O O-O 8. Be3 d5 9. Qd2 Nd7 10. e5 c5 11. f4 cxd4 
12. Nxd4 P@e4 13. Be2 Nc5 14. P@f5 exf5 15. Nxf5 P@h4 16. Nxe7+ Nxe7 17. P@f6 
Nf5 18. fxg7 Nxg7 19. B@f6 Nf5 20. Bxd8 Raxd8 21. Bg4 P@g3 22. Bxf5 gxh2+ 
23. Kxh2 P@g3+ 24. Kh1 B@g6 25. P@h6 N@e6 26. N@f6+ Kh8 27. P@g7+ Nxg7 28. hxg7+ 
Kxg7 29. Nh5+ Bxh5 30. Q@f6+ Kg8 31. N@h6# 
{DesX checkmated} 1-0

[Event "fics rated crazyhouse match"]
[Site "fics, Oklahoma City, OK USA"]
[Date "2001.02.16"]
[White "DesX"]
[WhiteElo "2272"]
[Black "LINDEGREN"]
[BlackElo "2377"]
[TimeControl "60+0"]
[Result "0-1"]

1. d4 Nf6 2. Nf3 e6 3. Bf4 Nc6 4. e3 Nd5 5. Bd3 Nxf4 6. exf4 
d5 7. Nbd2 Be7 8. O-O B@g6 9. N@e5 O-O 10. Qe2 Bd7 11. Bxg6 hxg6 
12. B@g5 Nxe5 13. dxe5 B@g4 14. h3 Bxf3 15. Nxf3 N@e4 16. Bxe7 Qxe7 17. B@g5 
f6 18. exf6 gxf6 19. Bxf6 Rxf6 20. B@e5 P@g7 21. P@g5 Rf7 22. P@f6 gxf6 
23. N@h6+ Kh7 24. Nxf7 Qxf7 25. gxf6 N@f5 26. Ng5+ Nxg5 27. fxg5 B@e4 28. R@h6+ 
Nxh6 29. gxh6 N@g5 30. f4 Nxh3+ 31. gxh3 R@h1+ 32. Kf2 P@g3+ 33. Kxg3 N@f5+ 
34. Kf2 B@g3# 
{DesX checkmated} 0-1

[Event "fics rated crazyhouse match"]
[Site "fics, Oklahoma City, OK USA"]
[Date "2001.02.16"]
[White "LINDEGREN"]
[WhiteElo "2383"]
[Black "DesX"]
[BlackElo "2266"]
[TimeControl "60+0"]
[Result "1-0"]

1. e4 e6 2. Nc3 Nc6 3. d4 Bb4 4. e5 Nge7 5. Nf3 Nd5 6. Bd2 
Bxc3 7. bxc3 N@e4 8. Bd3 Nexc3 9. Bxc3 Nxc3 10. Qd2 P@e4 11. N@h5 Rg8 
12. O-O exf3 13. gxf3 B@g5 14. B@e3 d5 15. Qxc3 Bxe3 16. fxe3 N@h3+ 17. Kh1 
Qg5 18. B@g4 Qxe3 19. Bxh3 P@e4 20. N@g4 Qg5 21. f4 B@f3+ 22. P@g2 Bxg2+ 
23. Bxg2 Qxg4 24. N@f6+ gxf6 25. Nxf6+ Kd8 26. Nxg4 Rxg4 27. B@f6+ P@e7 28. P@d6 
cxd6 29. Q@f8+ N@e8 30. exd6 exf6 31. P@c7+ Kd7 32. Qxc6+ bxc6 33. N@c5# 
{DesX checkmated} 1-0

[Event "fics rated crazyhouse match"]
[Site "fics, Oklahoma City, OK USA"]
[Date "2001.02.16"]
[White "DesX"]
[WhiteElo "2261"]
[Black "LINDEGREN"]
[BlackElo "2388"]
[TimeControl "60+0"]
[Result "1-0"]

1. d3 Nf6 2. Nc3 Nc6 3. e4 d5 4. e5 Nxe5 5. Nf3 Neg4 6. Bg5 
d4 7. Ne4 Nxe4 8. dxe4 Nxf2 9. Kxf2 P@e3+ 10. Ke2 h6 11. Bf4 N@e6 
12. Be5 f6 13. Bxd4 Nxd4+ 14. Nxd4 P@f7 15. P@f5 e5 16. N@e6 fxe6 17. fxe6 
B@h5+ 18. N@f3 exd4 19. P@f7+ Bxf7 20. exf7+ Kxf7 21. B@b3+ P@e6 22. N@f4 P@h7 
23. Nxd4 Bd6 24. Ndxe6 Bxe6 25. Nxe6 Ke7 26. Nxd8 N@g5 27. Nxb7 N@f4+ 28. Kxe3 
Rhe8 29. Nxd6 cxd6 30. Qxd6+ Kxd6 31. P@c5+ Ke7 32. Q@d6# 
{LINDEGREN checkmated} 1-0

[Event "fics rated crazyhouse match"]
[Site "fics, Oklahoma City, OK USA"]
[Date "2001.02.16"]
[White "LINDEGREN"]
[WhiteElo "2377"]
[Black "DesX"]
[BlackElo "2272"]
[TimeControl "60+0"]
[Result "1-0"]

1. e4 e6 2. Nc3 b6 3. d4 Bb7 4. Bd3 Ne7 5. f3 Ng6 6. Nge2 
Bb4 7. O-O d5 8. Be3 O-O 9. e5 f5 10. exf6 Rxf6 11. P@e5 Rf8 
12. Bxg6 hxg6 13. N@g5 P@f4 14. Bxf4 Rxf4 15. Nxe6 Qh4 16. P@g3 B@e3+ 17. P@f2 
Bxf2+ 18. Rxf2 P@e3 19. gxh4 exf2+ 20. Kh1 R@e1+ 21. Qxe1 fxe1=Q+ 22. Rxe1 Bxc3 
23. R@f8+ Rxf8 24. Q@h8+ Kxh8 25. B@e3 Bxe1 26. P@h6 R@f1+ 27. Ng1 Rxg1+ 28. Bxg1 
gxh6 29. Nxf8 P@f2 30. Nxg6+ Kg7 31. P@f6+ Kf7 32. R@g7+ Ke8 33. R@f8# 
{DesX checkmated} 1-0

[Event "fics rated crazyhouse match"]
[Site "fics, Oklahoma City, OK USA"]
[Date "2001.02.16"]
[White "DesX"]
[WhiteElo "2266"]
[Black "LINDEGREN"]
[BlackElo "2383"]
[TimeControl "60+0"]
[Result "1-0"]

1. d4 Nf6 2. Nf3 Nc6 3. Bf4 d5 4. e3 e6 5. Bd3 Bd6 6. Ke2 
O-O 7. Be5 Qe7 8. Re1 Bxe5 9. dxe5 Ne4 10. B@g3 f6 11. exf6 gxf6 
12. P@e5 P@g7 13. exf6 gxf6 14. P@e5 fxe5 15. Bxe5 Nxe5 16. Bxe4 dxe4 17. Nxe5 
P@f3+ 18. gxf3 exf3+ 19. Nxf3 B@g4 20. N@h6+ Kh8 21. Nxg4 P@g7 22. B@c3 P@f6 
23. P@h6 gxh6 24. Nxh6 P@g7 25. P@g5 B@e4 26. gxf6 Bxf3+ 27. Kxf3 Rxf6+ 28. Bxf6 
Qxf6+ 29. R@f4 B@h5+ 30. P@g4 Bxg4+ 31. Nxg4 Qxf4+ 32. exf4 N@h4+ 33. Ke3 Nf5+ 
34. Kd2 B@g6 35. Q@f8+ R@g8 36. Qxg8+ Kxg8 37. P@f6 Bd7 38. fxg7 Q@d4+ 39. P@d3 
Qxg7 40. B@e5 h5 41. N@f6+ Kf7 42. R@g8 hxg4 43. Rxg7+ Kxg7 44. Nh5+ Kf7 
45. Q@g7+ Ke8 46. Qf8+ Kxf8 47. P@g7+ Kf7 48. B@e7 Kg8 49. Kc1 Kh7 50. Re2 
{LINDEGREN forfeits on time} 1-0

[Event "fics rated crazyhouse match"]
[Site "fics, Oklahoma City, OK USA"]
[Date "2001.02.16"]
[White "LINDEGREN"]
[WhiteElo "2372"]
[Black "DesX"]
[BlackElo "2277"]
[TimeControl "60+0"]
[Result "1-0"]

1. e4 e6 2. Nc3 Nc6 3. d4 d5 4. e5 Be7 5. Nh3 f5 6. Be2 
Bd7 7. O-O g6 8. Be3 Kf8 9. Nf4 Bg5 10. Nfxd5 exd5 11. Nxd5 Bxe3 
12. fxe3 B@e6 13. Nf4 N@h4 14. P@d5 Qg5 15. dxe6 Nxg2 16. Nxg2 P@h3 17. P@g3 
hxg2 18. B@h3 gxf1=Q+ 19. Qxf1 Qxe3+ 20. B@f2 Nxd4 21. Bxe3 Nxe2+ 22. Qxe2 Bxe6 
23. P@g7+ Kxg7 24. N@f6 B@d5 25. N@h5+ Kf7 26. Nxd5 Bxd5 27. e6+ Kxe6 28. Bd4+ 
P@e4 29. Q@e5+ Kd7 30. Qxd5+ P@d6 31. B@e6+ Kd8 32. Bxh8 P@f3 33. R@f8+ N@e8 
34. Rxe8+ Kxe8 35. Ng7+ Ke7 36. Nxf5# 
{DesX forfeits on time} 1-0

[Event "fics rated crazyhouse match"]
[Site "fics, Oklahoma City, OK USA"]
[Date "2001.02.16"]
[White "DesX"]
[WhiteElo "2271"]
[Black "LINDEGREN"]
[BlackElo "2378"]
[TimeControl "60+0"]
[Result "0-1"]

1. d4 Nf6 2. Nf3 Nc6 3. Bf4 Nd5 4. e3 Nxf4 5. exf4 e6 6. Bd3 
d5 7. Nbd2 Bb4 8. O-O Bxd2 9. Qxd2 B@f5 10. B@e3 N@e4 11. Ne5 Nxe5 
12. dxe5 Nxd2 13. Bxd2 Bxd3 14. cxd3 N@e2+ 15. Kh1 B@e4 16. f3 Bxd3 17. N@h5 
Rg8 18. B@g5 P@e7 19. Bxe7 Qxe7 20. P@f6 Qf8 21. fxg7 Rxg7 22. N@f6+ Kd8 
23. Nxg7 P@h3 24. gxh3 B@g2+ 25. Kxg2 Qxg7+ 26. P@g5 Nxf4+ 27. Bxf4 N@h4+ 28. Kf2 
Q@e2+ 29. Kg3 Nf5+ 30. Kg4 h5+ 31. Kxh5 Qg6+ 32. Kg4 Qg2+ 33. P@g3 Nh6+ 
34. Kh4 Nf5+ 35. Kg4 P@h5+ 36. Nxh5 Qxh5+ 37. Kxh5 Qxh3# 
{DesX forfeits on time} 0-1

[Event "fics rated crazyhouse match"]
[Site "fics, Oklahoma City, OK USA"]
[Date "2001.02.16"]
[White "DesX"]
[WhiteElo "2260"]
[Black "LINDEGREN"]
[BlackElo "2389"]
[TimeControl "60+0"]
[Result "0-1"]

1. d4 Nf6 2. Nf3 Nc6 3. Bf4 e6 4. e3 d5 5. Bd3 Bd6 6. Ne5 
Ne4 7. O-O f6 8. f3 Bxe5 9. dxe5 Nc5 10. exf6 gxf6 11. P@g7 Rg8 
12. Bxh7 Rxg7 13. P@g6 P@g5 14. B@h6 Rd7 15. g7 N@e7 16. Bg6+ P@f7 17. Bxf7+ 
Kxf7 18. P@h7 B@g6 19. h8=Q Ng8 20. Bfxg5 fxg5 21. f4 g4 22. Qxg4 B@f5 
23. P@h5 Bxg4 24. hxg6+ Kxg6 25. B@h7+ Kf7 26. P@g6+ Ke7 27. Bg5+ P@f6 28. Bxf6+ 
Nxf6 29. Qxd8+ Kxd8 30. g8=Q+ Nxg8 31. Bxg8 P@f2+ 32. Rxf2 Q@e1+ 33. N@f1 Qxf2+ 
34. Kxf2 Ne4+ 35. Kg1 P@f2# 
{DesX forfeits on time} 0-1

[Event "fics rated crazyhouse match"]
[Site "fics, Oklahoma City, OK USA"]
[Date "2001.02.16"]
[White "LINDEGREN"]
[WhiteElo "2394"]
[Black "DesX"]
[BlackElo "2255"]
[TimeControl "60+0"]
[Result "0-1"]

1. e4 e6 2. Nc3 Nc6 3. d4 d6 4. Nf3 Nf6 5. Bb5 Be7 6. O-O 
O-O 7. Be3 h6 8. Qd2 Bd7 9. Bxh6 gxh6 10. Qxh6 B@h7 11. Qd2 a6 
12. Bd3 e5 13. dxe5 dxe5 14. P@f5 P@f4 15. P@g5 Ng4 16. f6 Bxf6 17. gxf6 
Qxf6 18. B@g5 Qg6 19. P@f5 Qh5 20. Nd5 Nd4 21. h3 Nxf3+ 22. gxf3 Qxh3 
23. Ne7+ Kh8 24. Bf6+ Nxf6 25. N@h2 P@g2 26. Rfe1 P@g4 27. fxg4 N@f3# 
{LINDEGREN resigns} 0-1

[Event "fics rated crazyhouse match"]
[Site "fics, Oklahoma City, OK USA"]
[Date "2001.02.16"]
[White "DesX"]
[WhiteElo "2266"]
[Black "LINDEGREN"]
[BlackElo "2383"]
[TimeControl "60+0"]
[Result "1-0"]

1. d4 Nf6 2. Nc3 Nc6 3. Bg5 d5 4. e3 e6 5. Nf3 Be7 6. Bd3 
O-O 7. O-O Bd7 8. Qe2 Ne8 9. Bxe7 Qxe7 10. Ne5 Nxe5 11. dxe5 B@g6 
12. f4 f5 13. exf6 Nxf6 14. P@e5 Ne4 15. Bxe4 dxe4 16. B@g5 Qf7 17. Nxe4 
Bxe4 18. P@f6 P@f3 19. fxg7 Qxg7 20. N@h6+ Kh8 21. P@f6 Qg6 22. Rxf3 N@h5 
23. P@g7+ Nxg7 24. fxg7+ Qxg7 25. N@h5 Bxf3 26. Qxf3 N@d2 27. Qf2 Ne4 28. Nxg7 
R@h1+ 29. Kxh1 Nxf2+ 30. Kg1 Q@h1+ 31. Kxf2 Qxa1 32. N@f7+ Rxf7 33. Nxf7+ Kg8 
34. R@h8+ Kxf7 35. Q@f6# 
{LINDEGREN checkmated} 1-0

[Event "fics rated crazyhouse match"]
[Site "fics, Oklahoma City, OK USA"]
[Date "2001.02.16"]
[White "LINDEGREN"]
[WhiteElo "2372"]
[Black "DesX"]
[BlackElo "2277"]
[TimeControl "60+0"]
[Result "1-0"]

1. e4 e5 2. Nc3 Nc6 3. Nf3 Be7 4. Bc4 d6 5. O-O Nf6 6. d3 
O-O 7. Bg5 Bg4 8. Bxf6 Bxf6 9. Nd5 Bxf3 10. Qxf3 Nd4 11. Nxf6+ Kh8 
12. Qg4 Qxf6 13. B@g5 N@e2+ 14. Kh1 Qg6 15. N@h4 B@h5 16. Nxg6+ Bxg6 17. B@h6 
gxh6 18. Bxh6 Rg8 19. Q@f6+ B@g7 20. Bxg7+ Rxg7 21. P@h6 Rg8 22. B@f8 N@e8 
23. hxg7+ Rxg7 24. Bxg7+ Nxg7 25. R@f8+ N@g8 26. Rxg8+ Kxg8 27. N@h6+ Kf8 28. R@g8# 
{DesX checkmated} 1-0

[Event "fics rated crazyhouse match"]
[Site "fics, Oklahoma City, OK USA"]
[Date "2001.02.16"]
[White "DesX"]
[WhiteElo "2271"]
[Black "LINDEGREN"]
[BlackElo "2378"]
[TimeControl "60+0"]
[Result "0-1"]

1. d4 Nf6 2. Nf3 Nc6 3. Bf4 d5 4. e3 e6 5. Bd3 Bd6 6. Nbd2 
Bd7 7. Ne5 O-O 8. O-O Ne8 9. f3 f5 10. Qe2 Bxe5 11. dxe5 N@g6 
12. e4 Ncxe5 13. B@g5 Nxf4 14. Bxf4 Nxd3 15. cxd3 dxe4 16. fxe4 B@c5+ 17. Kh1 
P@g5 18. Bxg5 Qxg5 19. N@h3 Qe7 20. P@g5 B@g4 21. P@f3 Bxh3 22. gxh3 N@f4 
23. Qg2 Nxg2 24. Kxg2 P@g4 25. hxg4 fxg4 26. fxg4 P@f2 27. N@h5 Qxg5 28. h3 
Qxh5 29. gxh5 N@h4+ 30. Kg3 Q@g2+ 31. Kxh4 B@g5# 
{DesX checkmated} 0-1

[Event "fics rated crazyhouse match"]
[Site "fics, Oklahoma City, OK USA"]
[Date "2001.02.16"]
[White "LINDEGREN"]
[WhiteElo "2384"]
[Black "DesX"]
[BlackElo "2265"]
[TimeControl "60+0"]
[Result "1-0"]

1. e4 e5 2. Nc3 Nc6 3. Nf3 Bc5 4. Bc4 d6 5. O-O Nf6 6. d3 
O-O 7. Bg5 Bg4 8. Nd5 Nxd5 9. Bxd8 Nf4 10. Bxf7+ Rxf7 11. Q@e8+ N@f8 
12. Qxf7+ Kxf7 13. Ng5+ Ke8 14. Qxg4 B@d7 15. P@e6 N8xe6 16. Nxe6 Bxe6 17. Qxg7 
Nxd8 18. R@e7# 
{DesX checkmated} 1-0

[Event "fics rated crazyhouse match"]
[Site "fics, Oklahoma City, OK USA"]
[Date "2001.02.16"]
[White "DesX"]
[WhiteElo "2260"]
[Black "LINDEGREN"]
[BlackElo "2389"]
[TimeControl "60+0"]
[Result "1-0"]

1. d4 Nf6 2. Nf3 Nc6 3. Bf4 d5 4. e3 e6 5. Bd3 Bd6 6. Ne5 
Qe7 7. O-O O-O 8. f3 Ne8 9. Nd2 f5 10. Qe2 Nf6 11. Rae1 Bd7 
12. e4 Nxd4 13. Qf2 fxe4 14. fxe4 Nxe4 15. Nxe4 dxe4 16. Bxe4 Bxe5 17. Bxe5 
Rxf2 18. Rxf2 N@e2+ 19. Kh1 P@f5 20. N@h6+ Kh8 21. P@d6 cxd6 22. Bxd6 Qf6 
23. P@f7 Qxh6 24. R@g8+ Rxg8 25. fxg8=Q+ Kxg8 26. R@f8# 
{LINDEGREN checkmated} 1-0

[Event "fics rated crazyhouse match"]
[Site "fics, Oklahoma City, OK USA"]
[Date "2001.02.16"]
[White "LINDEGREN"]
[WhiteElo "2378"]
[Black "DesX"]
[BlackElo "2271"]
[TimeControl "60+0"]
[Result "1-0"]

1. e4 e6 2. Nc3 d6 3. d4 Ne7 4. Nf3 Ng6 5. Bd3 Be7 6. O-O 
O-O 7. Be3 Nd7 8. Qe2 e5 9. d5 Nf6 10. Rad1 Ng4 11. Ne1 Nf4 
12. Bxf4 exf4 13. N@f5 Bxf5 14. exf5 Nxh2 15. Kxh2 P@h4 16. Qg4 B@g3+ 17. fxg3 
hxg3+ 18. Kh1 N@f2+ 19. Rxf2 gxf2 20. Nf3 R@g3 21. N@h6+ Kh8 22. Qxg3 fxg3 
23. R@g8# 
{DesX resigns} 1-0

[Event "fics rated crazyhouse match"]
[Site "fics, Oklahoma City, OK USA"]
[Date "2001.02.16"]
[White "DesX"]
[WhiteElo "2265"]
[Black "LINDEGREN"]
[BlackElo "2384"]
[TimeControl "60+0"]
[Result "0-1"]

1. d4 Nf6 2. Nf3 Nc6 3. Bf4 d5 4. e3 e6 5. Nbd2 Bd6 6. Bd3 
O-O 7. Ne5 Ne8 8. O-O f5 9. f3 Nf6 10. Qe2 Qe7 11. Rae1 Bd7 
12. Nb3 Rae8 13. Nc5 Bxc5 14. dxc5 Qxc5 15. Nxd7 Nxd7 16. B@d4 Nxd4 17. exd4 
Qe7 18. B@e3 B@e4 19. N@h5 P@g6 20. Nxg7 Qxg7 21. Bh6 Qe7 22. P@g7 Rf7 
23. fxe4 dxe4 24. Bxe4 P@d5 25. Beg5 Qb4 26. Bxd5 Qxd4+ 27. B@f2 Qxd5 28. Qxe6 
N@h3+ 29. Kh1 Rxe6 30. Rxe6 Nxf2+ 31. Rxf2 Q@d1+ 32. R@f1 Qh5 33. N@e7+ Rxe7 
34. Rxe7 N@g3+ 35. Kg1 N@h3+ 36. gxh3 Qh1# 
{DesX checkmated} 0-1

[Event "fics rated crazyhouse match"]
[Site "fics, Oklahoma City, OK USA"]
[Date "2001.02.16"]
[White "LINDEGREN"]
[WhiteElo "2389"]
[Black "DesX"]
[BlackElo "2260"]
[TimeControl "60+0"]
[Result "1-0"]

1. e4 e6 2. Nc3 b6 3. d4 Bb7 4. Bd3 Nf6 5. f3 d5 6. Nge2 
dxe4 7. Nxe4 Nxe4 8. fxe4 P@d5 9. e5 N@e4 10. O-O Be7 11. P@f3 Nd7 
12. N@h5 O-O 13. fxe4 dxe4 14. Bc4 c5 15. Nxg7 cxd4 16. N@h6+ Kxg7 17. Nxd4 
P@f3 18. P@f6+ Nxf6 19. exf6+ Bxf6 20. N@h5+ Kh8 21. Nxf6 Qxf6 22. P@g5 fxg2 
23. gxf6 gxf1=Q+ 24. Qxf1 R@g6+ 25. B@g5 N@h3+ 26. Kh1 N@f2+ 27. Kg2 P@f3+ 28. Kg3 
Rxg5+ 29. Bxg5 B@d6+ 30. P@f4 P@h4+ 31. Kxh4 Bxf4 32. P@g7# 
{DesX checkmated} 1-0

[Event "fics rated crazyhouse match"]
[Site "fics, Oklahoma City, OK USA"]
[Date "2001.02.16"]
[White "DesX"]
[WhiteElo "2255"]
[Black "LINDEGREN"]
[BlackElo "2394"]
[TimeControl "60+0"]
[Result "1-0"]

1. d4 Nf6 2. Nf3 Nc6 3. Bf4 d5 4. e3 e6 5. Bd3 Bd6 6. O-O 
O-O 7. Ne5 Qe7 8. Nd2 Ne8 9. Qe2 f5 10. f3 Nf6 11. e4 Nxd4 
12. Qf2 fxe4 13. fxe4 Nxe4 14. Bxe4 dxe4 15. Nxe4 Bxe5 16. Bxe5 N@e2+ 17. Kh1 
Rxf2 18. Rxf2 P@f6 19. P@h6 P@e3 20. hxg7 Qxg7 21. Nxf6+ Kh8 22. P@h6 Ng3+ 
23. Bxg3 Qxh6 24. R@g8# 
{LINDEGREN checkmated} 1-0

[Event "fics rated crazyhouse match"]
[Site "fics, Oklahoma City, OK USA"]
[Date "2001.02.16"]
[White "LINDEGREN"]
[WhiteElo "2383"]
[Black "DesX"]
[BlackElo "2266"]
[TimeControl "60+0"]
[Result "0-1"]

1. e4 e5 2. Nc3 Nc6 3. Nf3 Be7 4. Bc4 d6 5. O-O Bg4 6. d3 
Nf6 7. Bg5 O-O 8. Nd5 Bxf3 9. Nxe7+ Qxe7 10. Qxf3 Nd4 11. Qh3 N@f4 
12. Bxf4 exf4 13. B@g5 f3 14. Bxf6 N@e2+ 15. Kh1 Qxf6 16. N@g4 Qg5 17. gxf3 
Nxf3 18. Qxf3 Nd4 19. Bxf7+ Rxf7 20. Qxf7+ Kxf7 21. P@g2 P@h3 22. B@d5+ B@e6 
23. Bxe6+ Nxe6 24. Rg1 Qxg4 25. N@e5+ dxe5 26. R@d7+ B@e7 
{LINDEGREN forfeits on time} 0-1

[Event "fics rated crazyhouse match"]
[Site "fics, Oklahoma City, OK USA"]
[Date "2001.02.16"]
[White "DesX"]
[WhiteElo "2277"]
[Black "LINDEGREN"]
[BlackElo "2372"]
[TimeControl "60+0"]
[Result "1-0"]

1. d4 Nf6 2. Nf3 Nc6 3. Bf4 d5 4. e3 e6 5. Bd3 Bd6 6. Nbd2 
Bxf4 7. exf4 O-O 8. O-O B@g6 9. B@e5 Nxe5 10. dxe5 Ne4 11. Nxe4 dxe4 
12. Bxe4 Qxd1 13. Raxd1 N@e2+ 14. Kh1 Nxf4 15. P@f6 Q@h6 16. N@g4 Qh5 17. N@e7+ 
Kh8 18. fxg7# 
{LINDEGREN resigns} 1-0